 Dungeon Crawl Stone Soup version 0.27-a0-1090-gb115f176c6 (webtiles) character file.

Game seed: 14915018907678633828

704 1player the Skirmisher (level 7, -4/58 HPs)
             Began as a Formicid Abyssal Knight on Apr 27, 2021.
             Was a Believer of Lugonu.
             Slain by an ice beast (8 damage)
             ... on level 5 of the Dungeon.
             The game lasted 00:12:53 (4818 turns).

1player the Skirmisher (Formicid Abyssal Knight)    Turns: 4818, Time: 00:12:54

Health: -4/58      AC:  4    Str: 19    XL:     7   Next: 99%
Magic:  9/9        EV: 11    Int: 11    God:    Lugonu [**....]
Gold:   165        SH:  0    Dex: 10    Spells: 3/6 levels left

rFire    . . .     SeeInvis +   l - +2 whip (freeze)
rCold    . . .     Faith    .   (no shield)
rNeg     . . .     Spirit   .   b - +0 leather armour
rPois    .         Reflect  .   (helmet unavailable)
rElec    .         Harm     .   (no cloak)
rCorr    .         Rampage  .   (no gloves)
Will     .....                  y - +0 pair of boots
Stlth    ++........             g - amulet of regeneration
HPRegen  1.19/turn              (no ring)
MPRegen  0.11/turn              (no ring)

@: no status effects
A: permanent stasis, dig shafts and tunnels, antennae 3, four strong arms
a: Dig, Shaft Self, Renounce Religion, Depart the Abyss, Bend Space


You were on level 5 of the Dungeon.
You worshipped Lugonu.
Lugonu was pleased with you.
You visited 1 branch of the dungeon, and saw 5 of its levels.
You visited the Abyss 1 time.

You collected 187 gold pieces.
You spent 22 gold pieces at shops.

Inventory:

Hand Weapons
 l - a +2 whip of freezing (weapon)
Missiles
 h - 3 curare-tipped darts
 i - 36 poisoned darts (quivered)
 j - 37 sling bullets
 w - 4 boomerangs of dispersal
Armour
 b - a +0 leather armour (worn)
 y - a +0 pair of boots (worn)
Jewellery
 g - an amulet of regeneration (around neck)
 v - an amulet of faith
Scrolls
 d - a scroll of immolation
 k - a scroll of enchant armour {unknown}
 p - a scroll of fog
 q - a scroll of magic mapping {unknown}
 r - a scroll of fear
 x - a scroll of silence {unknown}
Potions
 o - a potion of flight {unknown}
 s - 2 potions of attraction
 t - a potion of invisibility
 z - a potion of ambrosia {unknown}


   Skills:
 + Level 6.0 Fighting
 - Level 2.1 Maces & Flails
 - Level 2.1 Armour
 - Level 1.0 Dodging
 - Level 4.5 Stealth
 + Level 5.5 Hexes
 + Level 3.9 Invocations


You had 3 spell levels left.
You knew the following spells:

 Your Spells              Type           Power      Damage    Failure   Level
z - Confusing Touch       Hex            12%        N/A       13%         3

Your spell library contained the following spells:

 Spells                   Type           Power      Damage    Failure   Level
 Magic Dart               Conj           0%         1d3       38%         1
 Dazzling Flash           Conj/Hex       12%        N/A       38%         3
 Searing Ray              Conj           0%         3d3       54%         2
 Gell's Gravitas          Tloc           0%         N/A       77%         3
 Fulminant Prism          Conj/Hex       3%         3d6       80%         4
 Metabolic Englaciation   Hex/Ice        3%         N/A       98%         5
 Yara's Violent Unravell  Hex/Tmut       3%         3d4       98%         5
 Iskenderun's Mystic Bla  Conj/Tloc      0%         2d3       99%         4
 Petrify                  Tmut/Erth      0%         N/A       99%         4
 Sticky Flame             Conj/Fire      0%         2d3       99%         4
 Iskenderun's Battlesphe  Conj           0%         2d6       100%        5
 Iron Shot                Conj/Erth      0%         9d1       100%        6


Dungeon Overview and Level Annotations

Branches:
Dungeon (5/15)
 Temple: D:4-7

Altars:

Shops:
D:1 *

Annotations:
D:3 Grinder


Innate Abilities, Weirdness & Mutations

You cannot be hasted, slowed, berserked, paralysed or teleported.
You can dig through walls and to a lower floor.
You have a pair of large antennae on your head. (SInv)
Your four strong arms can wield two-handed weapons with a shield.


Message History

Found a stone staircase leading down.
s - 2 potions of attraction (gained 1)
Found a stone staircase leading up.
There is a stone staircase leading up here.
An ice beast comes into view.
Okay, then.
A howler monkey comes into view.
An orc priest comes into view. It is wielding a +0 dagger.
Unknown command.
Throw: 39 darts (poison)
Press: ? - help, Q - select action, (/) - cycle Shift-Dir - straight line, f - ice beast
Aim: an ice beast (59% to hit)
You throw a poisoned dart. The poisoned dart hits the ice beast.
Throw: 38 darts (poison)
Press: ? - help, Q - select action, (/) - cycle Shift-Dir - straight line, f/p - ice beast
Aim: an ice beast (59% to hit)
You throw a poisoned dart. The poisoned dart hits the ice beast.
The ice beast is poisoned.
Throw: 37 darts (poison)
Press: ? - help, Q - select action, (/) - cycle Shift-Dir - straight line, f/p - ice beast
Aim: an ice beast (poisoned, 59% to hit)
You throw a poisoned dart. The poisoned dart hits the ice beast.
The ice beast looks even sicker.
The ice beast hits you. The ice beast freezes you!
You hit the ice beast.
The ice beast is moderately wounded.
The ice beast hits you. The ice beast freezes you!
You hit the ice beast but do no damage.
The ice beast is moderately wounded.
The ice beast hits you. The ice beast freezes you!
You barely miss the ice beast.
The ice beast is moderately wounded.
The ice beast hits you. The ice beast freezes you!
* * * LOW HITPOINT WARNING * * *
You feel better. The ice beast hits you. The ice beast freezes you!
* * * LOW HITPOINT WARNING * * *
You fail to use your ability.
The ice beast hits you.
* * * LOW HITPOINT WARNING * * *
The ice beast freezes you!
You die...

#.# #..#...###.#{..#.#..#..
#.#
##.####...#####...####.#
#.#
#..#..#.#..{#.###...#..#
#.###.##....##.##...###...#
#.##..#..8..#..#..#...###.#
#.##.##....##.##.####...#.#
#.....###..#..#.((..###...#
#####..)####.##Y##....##.##
###...#..#@.#..8..#..#
##...##.##....##.##
##.....###..#..#
#####...####.## ###...#..#
### ###...## #.. ###.#
#####.. #.# #......
#.###......


You could see an ice beast (poisoned).

Vanquished Creatures
  An ogre (D:4)
  A necrophage (D:4)
  A scorpion (D:5)
  A water moccasin skeleton (D:5)
  A centaur zombie (D:5)
  2 orc priests
  2 iguanas (D:4)
  3 orc wizards (D:3)
  A killer bee zombie (D:5)
  A hound zombie (D:5)
  8 adders
  An ufetubus (D:5)
  2 dart slugs
  11 orcs
  5 bats
  6 endoplasms
  2 giant cockroaches (D:3)
  5 goblins
  4 hobgoblins
  9 jackals
  5 kobolds
  2 quokkas
  5 ball pythons
  3 frilled lizards
  A rat (D:1)
83 creatures vanquished.

Notes
Turn   | Place    | Note
-------+----------+-------------------------------------------
     0 | Abyss:1  | 1player the Formicid Abyssal Knight began the quest for the
                  | Orb.
     0 | Abyss:1  | Reached XP level 1. HP: 18/18 MP: 2/2
    50 | Abyss:1  | Found a radiant altar of Vehumet.
    55 | Abyss:1  | Noticed a hell hound
    56 | D:1      | Escaped the Abyss
   132 | D:1      | Reached skill level 1 in Dodging
   250 | D:1      | Reached * piety under Lugonu
   313 | D:1      | Reached skill level 1 in Stealth
   313 | D:1      | Reached XP level 2. HP: 22/24 MP: 3/3
   785 | D:1      | Found Neqaone's General Store.
   832 | D:1      | Bought a scroll of identify for 22 gold pieces
  1430 | D:2      | Found a faded altar of an unknown god.
  1466 | D:2      | Reached XP level 3. HP: 24/30 MP: 4/4
  1523 | D:2      | Reached skill level 4 in Fighting
  1820 | D:2      | Reached XP level 4. HP: 37/37 MP: 5/5
  2569 | D:3      | Reached ** piety under Lugonu
  2570 | D:3      | Reached XP level 5. HP: 43/43 MP: 6/6
  2593 | D:3      | Reached skill level 5 in Fighting
  2652 | D:2      | Reached XP level 6. HP: 29/51 MP: 6/8
  2831 | D:3      | Noticed Grinder
  2908 | D:3      | Identified Kaum's Catalogue of the Damaging Blaze
  2917 | D:3      | Learned a level 3 spell: Confusing Touch
  3400 | D:4      | Reached skill level 1 in Hexes
  3420 | D:4      | Noticed an ogre
  3566 | D:4      | You fall into a shaft and drop 1 floor!
  3566 | D:5      | Entered Level 5 of the Dungeon
  3785 | D:5      | Reached XP level 7. HP: 46/56 MP: 9/9
  3928 | D:4      | Reached skill level 5 in Hexes
  4557 | D:5      | Reached skill level 6 in Fighting
  4818 | D:5      | Slain by an ice beast

Illustrated notes

Levels and vault maps discovered:
D:1:      shiori_arrival_oz, layout_loops_ring, serial_shops, shop_fountains
D:2:      layout_basic, hellmonk_ecumenical_altar_arch_garden
D:3:      layout_rooms, kennysheep_generic_room_5, uniq_grinder
D:4:      layout_loops_ring
D:5:      minmay_skewed_foursquare, layout_basic, chequers_arboretum,
          minivault_27

Skill      XL: |  1  2  3  4  5  6  7 |
---------------+----------------------+-----
Dodging        | 1 |  1.0
Stealth        | 1 2 3 4 |  4.5
Fighting       | 4 5 6 |  6.0
Hexes          | 3 5 |  5.5
Invocations    | 3 |  3.9
Maces & Flails | |  2.1
Armour         | |  2.1

Action                   |  1- 3 |  4- 6 |  7- 9 || total
-------------------------+-------+-------+-------++-------
Melee: Dagger            |   132 |       |       ||   132
       Mace              |     3 |       |       ||     3
       Whip              |    15 |   146 |    78 ||   239
Throw: Dart              |       |     3 |    11 ||    14
 Cast: Confusing Touch   |       |       |     2 ||     2
Invok: Depart the Abyss  |     1 |       |       ||     1
  Use: Scroll            |     1 |     4 |     5 ||    10
       Potion            |       |     1 |     1 ||     2
 Stab: Sleeping          |     1 |     2 |     1 ||     4
       Distracted        |       |     1 |       ||     1
       Confused          |       |       |     1 ||     1
Armor: Leather armour    |    70 |    33 |    13 ||   116
Dodge: Dodged            |   134 |    91 |    37 ||   262

Table legend: (Time is in decaauts)
 A = Elapsed time spent in this place.
 B = Non-inter-level travel time spent in this place.
 C = Inter-level travel time spent in this place.
 D = Time resting spent in this place.
 E = Time spent auto-exploring this place.
 F = Levels seen in this place.
 G = Mean time per level.
                   A        B        C        D        E       F      G
               +--------+--------+--------+--------+--------+-----+--------+
         Total |   4821 |   4587 |    234 |    847 |   2250 |   6 |  803.5 |
       Dungeon |   4765 |   4531 |    234 |    847 |   2227 |   5 |  953.0 |
         Abyss |     56 |     56 |      0 |      0 |     23 |   1 |   56.0 |
               +--------+--------+--------+--------+--------+-----+--------+

Top non-repeatable levels by time:
     D:2: 1243 daAuts
     D:4: 988 daAuts
     D:3: 948 daAuts
     D:1: 942 daAuts
     D:5: 643 daAuts
 Abyss:1: 56 daAuts
